 Dungeon Crawl Stone Soup version 0.25-a0-834-g55863b0b92 (webtiles) character file.

Game seed: 8970185507459011962, levelgen mode: deterministic

63420 Gargoyl the Envoy of Void (level 14, -2/119 HPs)
             Began as a Centaur Abyssal Knight on Mar 14, 2020.
             Was a High Priest of Lugonu.
             Shot with an arrow by a centaur warrior (10 damage)
             ... on level 14 of the Dungeon on Apr 23, 2020.
             The game lasted 00:39:34 (25101 turns).

Gargoyl the Envoy of Void (Centaur Abyssal Knight) Turns: 25101, Time: 00:39:35

Health: -2/119     AC: 22    Str: 21    XL:     14   Next: 68%
Magic:  15/25      EV:  6    Int: 11    God:    Lugonu [*****.]
Gold:   632        SH: 15    Dex: 11    Spells: 13/13 levels left

rFire    + + .     SeeInvis +   E - +4 broad axe (elec)
rCold    + + +     Gourm    .   R - +1 kite shield {rC+ rF+}
rNeg     + . .     Faith    .   w - +3 plate armour {rC+}
rPois    .         Spirit   .   q - +2 helmet {SInv}
rElec    .         Reflect  .   K - scarf {rC+ rF+}
rCorr    .         Harm     .   b - +0 pair of gloves
MR       +....                  (no barding)
Stlth    ..........             k - amulet of magic regeneration
HPRegen  0.29/turn              g - +3 ring of strength
MPRegen  0.44/turn              J - ring of positive energy

@: very quick
A: large, hooves 3, large bone plates 1, rugged brown scales 1, deformed body,
speed 2, high mp 1, screaming 1, shaggy fur 1, tough skin 3
a: Depart the Abyss, Bend Space, Banish, Corrupt, Enter the Abyss, Renounce
Religion


You were on level 14 of the Dungeon.
You worshipped Lugonu.
Lugonu was extremely pleased with you.
You were very hungry.

You visited 2 branches of the dungeon, and saw 20 of its levels.
You visited the Abyss 1 time.
You also visited: Ossuary and Gauntlet.

You collected 1723 gold pieces.
You spent 1091 gold pieces at shops.

Inventory:

Hand Weapons
 a - a +3 hand axe
 t - a +9 hand axe of electrocution
 E - a +4 broad axe of electrocution (weapon)
Missiles
 S - 19 silver javelins (quivered)
Armour
 b - a +0 pair of gloves (worn)
 q - a +2 helmet of see invisible (worn)
 w - a +3 plate armour of cold resistance (worn)
 K - a scarf of resistance (worn)
 R - a +1 kite shield of resistance (worn)
Jewellery
 g - a +3 ring of strength (left hand)
 h - the amulet of Junnegh {Harm *Contam *Drain Int+7, unknown}
   (You found it on level 13 of the Dungeon)

   [amulet of harm]

   It increases damage dealt and taken.
   It affects your intelligence (+7).
   It causes magical contamination when unequipped.
   It causes draining when unequipped.
 k - an amulet of magic regeneration (around neck)
 H - an uncursed ring of protection from fire
 J - a ring of positive energy (right hand)
 P - the ring of Qoarusut {rF+ rCorr Stlth+}
   (You found it in a Gauntlet)

   [ring of resist corrosion]

   It protects you from fire.
   It provides partial protection from all sources of acid and corrosion.
   It makes you more stealthy.
Wands
 d - a wand of disintegration (24)
 y - a wand of paralysis (11)
 z - a wand of random effects (76)
 A - a wand of iceblast (21)
 B - a wand of polymorph (11)
 C - a wand of digging (17)
 I - a wand of flame (47)
 M - a wand of enslavement (24)
Scrolls
 c - 9 scrolls of remove curse
 f - 4 scrolls of magic mapping
 i - 2 scrolls of identify
 s - 8 scrolls of teleportation
 v - 2 scrolls of fog
Potions
 j - 3 potions of heal wounds
 l - 3 potions of ambrosia
 m - 9 potions of curing
 n - a potion of magic
 o - 4 potions of lignification
 p - 8 potions of flight
 u - 2 potions of might
 x - 2 potions of stabbing
 D - a potion of haste
 F - 3 potions of resistance
 G - 3 potions of berserk rage
 O - 2 potions of brilliance {unknown}
 Q - a potion of mutation
Comestibles
 r - 23 rations


   Skills:
 + Level 8.6 Fighting
 + Level 11.9 Axes
 + Level 2.6 Throwing
 * Level 10.2 Armour
 * Level 8.0 Dodging
 + Level 5.8 Shields
 * Level 12.4 Invocations
 + Level 0.2 Evocations


You had 13 spell levels left.
You didn't know any spells.
Your spell library contained the following spells:

 Spells                   Type           Power        Failure   Level  Hunger
 Animate Skeleton         Necr           N/A          100%        1    ##.....
 Apportation              Tloc           #.....       100%        1    ##.....
 Beastly Appendage        Tmut           #.....       100%        1    ##.....
 Corona                   Hex            #......      100%        1    ##.....
 Foxfire                  Conj/Fire      #...         100%        1    ##.....
 Pain                     Necr           #...         100%        1    ##.....
 Summon Small Mammal      Summ           #...         100%        1    ##.....
 Ensorcelled Hibernation  Hex/Ice        #.....       100%        2    ###....
 Sticks to Snakes         Tmut           #.......     100%        2    ###....
 Conjure Flame            Conj/Fire      #.......     100%        3    ####...
 Inner Flame              Hex/Fire       #.......     100%        3    ####...
 Spider Form              Tmut/Pois      #.........   100%        3    ####...
 Vampiric Draining        Necr           #.........   100%        3    ####...
 Animate Dead             Necr           N/A          100%        4    #####..
 Cause Fear               Hex            #.........   100%        4    #####..
 Ice Form                 Ice/Tmut       #.......     100%        4    #####..
 Sticky Flame             Conj/Fire      #.......     100%        4    #####..
 Agony                    Necr           #.......     100%        5    ######.
 Blade Hands              Tmut           #.........   100%        5    ######.
 Bolt of Magma            Conj/Fire/Erth #.........   100%        5    ######.
 Borgnjor's Vile Clutch   Necr/Erth      #.........   100%        5    ######.
 Fireball                 Conj/Fire      #.........   100%        5    ######.
 Iskenderun's Battlesphe  Conj/Chrm      #.......     100%        5    ######.
 Silence                  Hex/Air        #.........   100%        5    ######.
 Yara's Violent Unravell  Hex/Tmut       #.........   100%        5    ######.
 Darkness                 Hex            #.........   100%        6    #######
 Deflect Missiles         Chrm/Air       #.........   100%        6    #######
 Iron Shot                Conj/Erth      #.........   100%        6    #######
 Shadow Creatures         Summ           N/A          100%        6    #######
 Malign Gateway           Summ/Tloc      #.........   100%        7    #######
 Monstrous Menagerie      Summ           #.........   100%        7    #######
 Orb of Destruction       Conj           #.........   100%        7    #######
 Spellforged Servitor     Conj/Summ      #.........   100%        7    #######
 Summon Greater Demon     Summ           #.........   100%        7    #######
 Discord                  Hex            #.........   100%        8    #######
 Summon Horrible Things   Summ           #.........   100%        8    #######


Dungeon Overview and Level Annotations

Branches:
Dungeon (14/15)            Temple (0/1) D:4            Lair (6/6) D:8
  Swamp (0/4) Lair:4       Spider (0/4) Lair:2        Slime (0/5) Lair:6
    Orc (0/2) D:11        Ossuary (visited)         Gauntlet (visited)
 Vaults: D:13-14

Altars:
Dithmenos
Elyvilon
Fedhas
Makhleb
Nemelex Xobeh
Qazlal
Ru
Trog
Uskayaw
Vehumet
Xom
Yredelemnul
Zin
The Shining One
Jiyva

Shops:
D:7 *

Annotations:
D:14 Rupert


Innate Abilities, Weirdness & Mutations

You have hooves in place of feet.
Armour fits poorly on your strangely shaped body.
You cover ground very quickly.
You have extremely tough skin. (AC +3)
You are partially covered in large bone plates. (SH +4)
You are partially covered in rugged brown scales. (AC +1, +3% HP)
You have an increased reservoir of magic. (+10% MP)
You occasionally shout uncontrollably at your foes.
You are covered in fur. (AC +1)


Message History

Aim: a two-headed ogre, wielding a +0 giant club and a +0 giant spiked club (chance to defeat MR: 76%)
The two-headed ogre is devoured by a tear in reality.
Lugonu claims a new guest.
You are feeling hungry.
Press: ? - help, Shift-Dir - straight line, f - bullfrog
Aim: a bullfrog (chance to defeat MR: 87%)
The bullfrog is devoured by a tear in reality.
Lugonu claims a new guest.
You are feeling very hungry.
You start resting.
A centaur warrior comes into view.
Press: ? - help, Shift-Dir - straight line, f - centaur warrior
Aim: a centaur warrior, quivering 18 arrows (hasn't noticed you, chance to defeat MR: 76%)
The centaur warrior shouts!
The centaur warrior barely resists.
You feel somewhat more hungry.
You hear a bellow!
You hear a croak.
A hound comes into view.
The centaur warrior wields a +0 shortbow.
The centaur warrior shoots an arrow.
The arrow hits you!
You die...

.. #.......#
##+#
..####........#
...............
.......[...+...
...............
.............ch
...............
....§....§....#
...§...@.§§#.##
...§....§....#
..............#
...########....
.. #... . ###


You could see a centaur warrior and a hound (wandering).

Vanquished Creatures
  A minotaur (Gauntlet)
  The ghost of Mandevil the Grappler, a journeyman TrSk of Nemelex Xobeh (Lair:2)
  An ogre mage (D:14)
  4 catoblepae
  11 death yaks
  3 two-headed ogres
  Urug (Lair:6)
  2 tengu warriors
  A death drake (Gauntlet)
  An unseen horror (D:11)
  Pikel (D:5)
  A lindwurm (Lair:4)
  An oklob plant (Lair:4)
  3 cyclopes
  An ugly thing (D:13)
  4 manticores
  4 black mambas
  2 spectral centaurs (Gauntlet)
  A torpor snail (Lair:4)
  A gargoyle (D:12)
  11 elephants
  12 spiny frogs
  3 centaur skeletons
  A komodo dragon (Lair:6)
  A rime drake (Lair:2)
  3 trolls
  2 polar bears (Lair:6)
  2 tengu conjurers (Gauntlet)
  8 blink frogs
  A meliai zombie (Gauntlet)
  9 hippogriffs
  12 dream sheep
  2 bog bodies (Lair:4)
  2 redbacks (Lair:2)
  Sigmund (D:5)
  A centaur simulacrum (Gauntlet)
  A wraith (D:13)
  4 wyverns
  42 yaks
  2 basilisks
  3 hungry ghosts
  Grum (D:11)
  Menkaure (D:5)
  10 water moccasins
  A soldier ant (D:13)
  4 porcupines
  A hornet zombie (D:12)
  6 orc warriors
  2 phantoms
  6 sky beasts
  A slave (D:5)
  8 ogres
  4 black bears
  6 ice beasts
  A necrophage (D:9)
  4 wolves (D:11)
  7 crocodiles
  6 centaurs
  2 big kobolds
  13 bullfrogs
  2 gnoll sergeants
  4 scorpions
  A hornet simulacrum (Gauntlet)
  23 killer bees
  5 wights (D:9)
  A howler monkey (D:4)
  4 bullfrog zombies
  4 crimson imps
  Crazy Yiuf (D:3)
  2 jellies
  A bullfrog skeleton (D:11)
  5 centaur zombies
  15 orc priests
  A quasit (D:11)
  7 hounds
  2 iguanas
  10 orc wizards
  8 worker ants
  A killer bee zombie (D:7)
  A bullfrog simulacrum (Gauntlet)
  A hound zombie (D:8)
  9 mummies
  22 gnolls
  20 adders
  2 river rats (D:6)
  4 shadow imps
  An adder zombie (D:7)
  An ooze (D:2)
  An adder skeleton (D:7)
  10 worms
  7 leopard geckos
  49 orcs
  6 giant cockroaches
  6 goblins
  4 hobgoblins
  12 jackals
  5 quokkas
  3 bats
  5 frilled lizards
  2 gnoll zombies (Ossuary)
  3 hobgoblin zombies
  15 kobolds
  4 kobold zombies (Ossuary)
  An orc zombie (Ossuary)
  A quokka skeleton (D:9)
  8 rats
  5 fungi
  A plant (D:11)
  4 withered plants (Gauntlet)
562 creatures vanquished.

Vanquished Creatures (collateral kills)
  A hydra (D:13)
1 creature vanquished.

Vanquished Creatures (others)
  A two-headed ogre (D:14)
  7 hydras
  A wizard (D:12)
  3 oklob plants (Lair:4)
  A gargoyle (D:7)
  A water moccasin (Lair:6)
  A bullfrog (D:14)
  A scorpion (D:7)
  A hound (D:7)
  A worker ant (D:7)
  A leopard gecko (D:5)
  A fungus (Lair:6)
  11 plants
  8 starspawn tentacles (Abyss:2)
39 creatures vanquished.

Grand Total: 602 creatures vanquished

Notes
Turn   | Place    | Note
-------+----------+-------------------------------------------
     0 | Abyss:1  | Gargoyl the Centaur Abyssal Knight began the quest for the
                  | Orb.
     0 | Abyss:1  | Reached XP level 1. HP: 19/19 MP: 2/2
    25 | Abyss:2  | Found a corrupted altar of Lugonu.
    75 | Abyss:2  | Noticed a tentacled starspawn
    82 | Abyss:2  | Noticed a starcursed mass
    88 | Abyss:2  | Noticed a smoke demon
   122 | Abyss:2  | Noticed a vampire
   185 | Abyss:2  | Noticed a spatial maelstrom
   187 | D:1      | Escaped the Abyss
   254 | D:1      | Reached XP level 2. HP: 20/26 MP: 3/3
   462 | D:1      | Reached skill level 1 in Dodging
   484 | D:1      | Reached * piety under Lugonu
   507 | D:1      | Reached XP level 3. HP: 24/31 MP: 4/4
  1204 | D:2      | Reached XP level 4. HP: 38/38 MP: 5/5
  1284 | D:2      | Found a stormy altar of Qazlal.
  1570 | D:2      | Found a basalt altar of Yredelemnul.
  1573 | D:2      | Found a glowing silver altar of Zin.
  2037 | D:2      | Reached XP level 5. HP: 45/45 MP: 7/7
  2500 | D:3      | Found a shadowy altar of Dithmenos.
  2503 | D:3      | Reached ** piety under Lugonu
  2831 | D:3      | Reached skill level 3 in Invocations
  3179 | D:3      | Reached XP level 6. HP: 52/52 MP: 8/8
  3441 | D:3      | Found a runed translucent door.
  3442 | D:3      | Noticed Crazy Yiuf
  3446 | D:3      | Killed Crazy Yiuf
  3612 | D:4      | Gained mutation: You tend to lose your temper in combat.
                  | [potion of mutation]
  3612 | D:4      | Gained mutation: You are partially covered in large bone
                  | plates. (SH +4) [potion of mutation]
  3612 | D:4      | Gained mutation: You are clumsy. (Dex -2) [potion of
                  | mutation]
  3612 | D:4      | Gained mutation: You have an increased reservoir of magic.
                  | (+10% MP) [potion of mutation]
  3705 | D:4      | Found a staircase to the Ecumenical Temple.
  3852 | D:4      | Reached XP level 7. HP: 17/58 MP: 10/10
  4284 | D:5      | Entered Level 5 of the Dungeon
  4303 | D:5      | Found a shimmering altar of Xom.
  4321 | D:5      | Noticed Sigmund
  4329 | D:5      | Killed Sigmund
  4438 | D:4      | Reached skill level 4 in Invocations
  4614 | D:5      | Found a sand-covered staircase.
  4621 | Ossuary  | Entered an ossuary
  4711 | Ossuary  | Reached *** piety under Lugonu
  4774 | Ossuary  | Reached XP level 8. HP: 50/66 MP: 12/12
  5067 | D:5      | Noticed Pikel
  5117 | D:5      | Killed Pikel
  5117 | D:5      | Reached skill level 5 in Axes
  5117 | D:5      | Reached skill level 1 in Throwing
  5593 | D:5      | Found a burning altar of Makhleb.
  5620 | D:6      | Noticed Menkaure
  5846 | D:5      | Killed Menkaure
  5846 | D:5      | Reached skill level 5 in Invocations
  6046 | D:6      | Found a glowing silver altar of Zin.
  6135 | D:6      | Identified a scroll of acquirement
  6293 | D:6      | Found a blossoming altar of Fedhas.
  6538 | D:6      | Reached XP level 9. HP: 67/72 MP: 14/14
  6815 | D:7      | Found a shimmering altar of Xom.
  6837 | D:7      | Reached **** piety under Lugonu
  6871 | D:7      | Noticed a gargoyle
  6881 | D:7      | Banished a gargoyle
  6881 | D:7      | Reached skill level 5 in Armour
  7241 | D:7      | Reached skill level 5 in Fighting
  7315 | D:7      | Noticed a +0 hand axe
  7315 | D:7      | Noticed a +0 dagger
  7358 | D:7      | Reached skill level 6 in Invocations
  7987 | D:7      | Found a white marble altar of Elyvilon.
  8135 | D:7      | Found a sacrificial altar of Ru.
  8327 | D:7      | Found a hide-covered altar of Uskayaw.
  8349 | D:7      | Found Ruaprelo's General Store.
  8355 | D:7      | Bought a +1 cloak of magic resistance for 214 gold pieces
  8355 | D:7      | Bought 3 scrolls of enchant weapon for 292 gold pieces
  8398 | D:8      | Found a sparkling altar of Nemelex Xobeh.
  8732 | D:8      | Found a staircase to the Lair.
  8804 | D:8      | Noticed a two-headed ogre
  8812 | D:8      | Killed a two-headed ogre
  8812 | D:8      | Reached XP level 10. HP: 82/82 MP: 16/16
  9097 | D:8      | Found a bloodstained altar of Trog.
  9518 | D:9      | Reached ***** piety under Lugonu
  9518 | D:9      | Reached skill level 7 in Invocations
  9585 | D:9      | Found a glowing golden altar of the Shining One.
  9887 | D:9      | Found a radiant altar of Vehumet.
 10780 | Lair:1   | Entered Level 1 of the Lair of Beasts
 10935 | Lair:1   | Noticed a black mamba
 10945 | Lair:1   | Killed a black mamba
 11302 | Lair:1   | Noticed a spiny frog
 11307 | Lair:1   | Killed a spiny frog
 11406 | Lair:1   | Noticed an elephant
 11406 | Lair:1   | Noticed an elephant
 11407 | Lair:1   | Noticed an elephant
 11421 | Lair:1   | Killed an elephant
 11429 | Lair:1   | Killed an elephant
 11429 | Lair:1   | Reached skill level 5 in Dodging
 11433 | Lair:1   | Killed an elephant
 11433 | Lair:1   | Reached XP level 11. HP: 47/89 MP: 18/18
 12081 | Lair:1   | Reached skill level 1 in Shields
 12684 | Lair:2   | Found a hole to the Spider Nest.
 12908 | Lair:2   | Reached skill level 8 in Invocations
 13217 | Lair:2   | Found a runed translucent door.
 13217 | Lair:2   | Noticed Mandevil's ghost (journeyman TrSk)
 13556 | Lair:2   | Killed Mandevil's ghost
 13559 | Lair:2   | Got an encrusted great mace
 13562 | Lair:2   | Identified the cursed +1 great mace of Premature Burial
                  | {freeze, rC+ Int+4 Dex+2 SInv} (You found it on level 2 of
                  | the Lair of Beasts)
 14116 | Lair:3   | Upgraded the game from 0.25-a0-591-g2ad0d861f1 to
                  | 0.25-a0-603-g0321be95db
 14403 | Lair:4   | Found a staircase to the Swamp.
 15005 | Lair:4   | Noticed a lindwurm
 15012 | Lair:4   | Killed a lindwurm
 15042 | Lair:4   | Noticed a five-headed hydra
 15045 | Lair:4   | Reached XP level 12. HP: 63/97 MP: 20/20
 15047 | Lair:4   | Banished a five-headed hydra
 15254 | Lair:4   | Lost mutation: You tend to lose your temper in combat.
                  | [potion of mutation]
 15254 | Lair:4   | Lost mutation: You are clumsy. (Dex -2) [potion of
                  | mutation]
 15254 | Lair:4   | Gained mutation: You are partially covered in rugged brown
                  | scales. (AC +1, +3% HP) [potion of mutation]
 15254 | Lair:4   | Gained mutation: You occasionally shout uncontrollably at
                  | your foes. [potion of mutation]
 15254 | Lair:4   | Gained mutation: You are covered in fur. (AC +1) [potion of
                  | mutation]
 15417 | Lair:4   | Noticed a four-headed hydra
 15422 | Lair:4   | Banished a four-headed hydra
 15466 | Lair:4   | Noticed a four-headed hydra
 15469 | Lair:4   | Banished a four-headed hydra
 15469 | Lair:4   | Reached skill level 9 in Invocations
 16447 | Lair:5   | Noticed a death yak
 16448 | Lair:5   | Noticed a death yak
 16448 | Lair:5   | Noticed a death yak
 16448 | Lair:5   | Noticed an eight-headed hydra
 16449 | Lair:5   | Noticed a death yak
 16455 | Lair:5   | Banished an eight-headed hydra
 16469 | Lair:5   | Reached skill level 10 in Invocations
 16481 | Lair:5   | Killed a death yak
 16486 | Lair:5   | Killed a death yak
 16487 | Lair:5   | Killed a death yak
 16487 | Lair:5   | Reached skill level 10 in Axes
 16490 | Lair:5   | Killed a death yak
 17070 | D:7      | Bought a +3 plate armour of cold resistance for 585 gold
                  | pieces
 17217 | Lair:5   | Noticed a five-headed hydra
 17225 | Lair:5   | Banished a five-headed hydra
 17738 | Lair:6   | Entered Level 6 of the Lair of Beasts
 17738 | Lair:6   | Noticed a catoblepas
 17738 | Lair:6   | Noticed a five-headed hydra
 17750 | Lair:5   | Killed a catoblepas
 17911 | Lair:6   | Banished a five-headed hydra
 17911 | Lair:6   | Reached XP level 13. HP: 84/108 MP: 18/23
 17936 | Lair:6   | Noticed Urug
 17943 | Lair:6   | Reached skill level 11 in Invocations
 18149 | Lair:6   | Killed Urug
 18318 | Lair:6   | Upgraded the game from 0.25-a0-603-g0321be95db to
                  | 0.25-a0-834-g55863b0b92
 19148 | Lair:6   | Found a viscous altar of Jiyva.
 19149 | Lair:6   | Found a staircase to the Slime Pits.
 20278 | Lair:6   | Got a coiled copper ring
 20867 | D:10     | Entered Level 10 of the Dungeon
 20992 | D:10     | Reached XP level 14. HP: 66/118 MP: 25/25
 20994 | D:10     | Identified the +0 scale mail of Lineimu {rC++ Regen+ Int+3
                  | Dex-4}
 21862 | D:11     | Identified the cursed ring "Fixtom" {+Fly EV-2 Int+3} (You
                  | found it on level 6 of the Lair of Beasts)
 21876 | D:11     | Noticed Grum
 21904 | D:11     | Killed Grum
 22058 | D:11     | Reached skill level 5 in Shields
 22303 | D:11     | Found a staircase to the Orcish Mines.
 22549 | D:11     | Reached skill level 10 in Armour
 22549 | D:11     | Reached skill level 12 in Invocations
 23404 | D:12     | You fall into a shaft and drop 1 floor!
 23407 | D:13     | Found a gate leading to a gauntlet.
 23416 | Gauntlet | Entered a Gauntlet
 23416 | Gauntlet | Found a runed translucent door.
 23416 | Gauntlet | Found a transporter.
 23416 | Gauntlet | Found a runed translucent door.
 23416 | Gauntlet | Found a transporter.
 23421 | Gauntlet | Found a transporter.
 23421 | Gauntlet | Found a transporter.
 23462 | Gauntlet | Found a transporter.
 23462 | Gauntlet | Found a transporter.
 23470 | Gauntlet | Found a transporter.
 23470 | Gauntlet | Found a transporter.
 23522 | Gauntlet | Found a transporter.
 23522 | Gauntlet | Found a transporter.
 23551 | Gauntlet | Found a transporter.
 23557 | Gauntlet | Got a steaming copper ring
 23845 | Gauntlet | Found a transporter.
 23897 | Gauntlet | Identified the ring of Qoarusut {rF+ rCorr Stlth+} (You
                  | found it in a Gauntlet)
 24602 | D:13     | Got a brightly glowing lead amulet
 25084 | D:14     | HP: 4/119 [two-headed ogre/+0 giant club (10)]
 25090 | D:14     | Noticed Rupert
 25092 | D:14     | Paralysed by Rupert for 2 turns
 25101 | D:14     | Shot with an arrow by a centaur warrior

Levels and vault maps discovered:
D:1:      psy_arrival_basics, layout_rooms, chequers_arboretum
D:2:      layout_loops_ring, lemuel_crystal_altar, grunt_temple_overflow_open
D:3:      layout_loops_ring, nicolae_dithmenos_shadow_blocks,
          uniq_crazy_yiuf_cottage
D:4:      layout_cave_pools, minmay_temple_entry_offerings, first_ration
D:5:      layout_cave_pools, lightli_temple_of_fire, lemuel_crystal_altar,
          serial_column_ruins, column_ruins_hut, column_ruins_columns_corner,
          column_ruins_open_medium, column_ruins_open_small,
          column_ruins_grid_3, column_ruins_corridor_straight,
          nicolae_ossuary_entry_giza, uniq_pikel, uniq_sigmund
D:6:      layout_cave_pools, lemuel_round_altar, basic_altar,
          lightli_sewer_entry_pipes, uniq_menkaure
D:7:      layout_loops_ring, dancing_weapons_uskayaw, kennysheep_mini_moat,
          nicolae_overflow_crystal_walls, serial_shops,
          nicolae_shop_statue_plus, xom_confusion_cloud
D:8:      layout_layer_cave, nemelex_xobeh_ov_fountains_minmay,
          dpeg_oklobed_lair, bloody_trog
D:9:      layout_stronghold, lemuel_doored_altar, vehumet_crystals
D:10:     layout_cross
D:11:     layout_loops_ring, hiddenorc1_lemuel, grunt_tengu_nest,
          minmay_fractal_squares_gapless_5, uniq_grum
D:12:     layout_rooms
D:13:     layout_stronghold, gauntlet_entry_generic, hangedman_decor_opposing
D:14:     layout_irregular_city, lightli_vaults_fourway_checkpoint,
          serial_shops, shop, biasface_ghost_orc_armoury, basic_altar,
          hangedman_decor_growths, uniq_josephine, uniq_snorg, uniq_rupert
Lair:1:   layout_regular_city
Lair:2:   layout_roguey, spider_nest_entry_webs, gammafunk_ghost_grave
Lair:3:   layout_hall_layers
Lair:4:   layout_regular_city, skrybe_swamp_entry_bodies,
          hangedman_lair_generics_rect, minmay_lair_oklob_chamber,
          infiniplex_staircase_pool_2, grunt_megastairs_2
Lair:5:   layout_regular_city, chequers_serial_rivers_room_a, minivault_24,
          grunt_megastairs_1
Lair:6:   evilmike_catoblepas_cave, layout_concentric_octagons, slime_altar_1,
          bh_autumn_forest_stairs, uniq_urug

Skill      XL: |  1  2  3  4  5  6  7  8  9 10 11 12 13 14 |
---------------+-------------------------------------------+-----
Dodging        | 1 2 3 4 5 6 7 8 |  8.0
Axes           | 2 3 4 6 7 8 9 10 11 | 11.9
Armour         | 2 3 4 5 6 8 9 10 | 10.2
Invocations    | 3 4 5 6 7 8 10 11 12 | 12.4
Fighting       | 4 5 6 7 8 |  8.6
Throwing       | 2 |  2.6
Shields        | 2 3 4 5 |  5.8
Evocations     | |  0.2

Action                   |  1- 3 |  4- 6 |  7- 9 | 10-12 | 13-15 || total
-------------------------+-------+-------+-------+-------+-------++-------
Melee: Hand axe          |    76 |   158 |   371 |   445 |   693 ||  1743
       Kick              |    10 |    19 |    64 |   121 |   221 ||   435
       Broad axe         |       |       |       |       |    16 ||    16
Throw: Boomerang         |       |       |    19 |       |       ||    19
       Javelin           |       |       |       |       |     4 ||     4
Invok: Depart the Abyss  |     1 |       |       |       |       ||     1
       Banish            |       |       |     1 |    13 |     9 ||    23
       Bend Space        |       |       |       |       |     1 ||     1
Evoke: Wand              |       |       |     2 |       |       ||     2
  Use: Scroll            |     4 |     8 |    12 |    14 |    14 ||    52
       Potion            |     1 |     1 |     3 |     1 |     2 ||     8
 Stab: Paralysed         |       |       |     3 |       |       ||     3
       Petrified         |       |       |       |     5 |       ||     5
  Eat: Ration            |       |     1 |     2 |     1 |     3 ||     7
       Chunk             |       |     4 |     8 |    25 |    13 ||    50
Armor: Leather armour    |     6 |       |       |       |       ||     6
       Ring mail         |    29 |    70 |   121 |    33 |       ||   253
       Skin              |       |       |    26 |       |       ||    26
       Chain mail        |       |       |       |   128 |       ||   128
       Plate armour      |       |       |       |    36 |   351 ||   387
Dodge: Dodged            |    44 |    66 |   142 |    91 |   111 ||   454
Block: Other             |       |     1 |    45 |    13 |       ||    59
       Kite shield       |       |       |       |   196 |   591 ||   787

Table legend:
 A = Non-vault XP
 B = Vault XP
 C = Vault XP percentage of total XP
 D = Non-vault monster count
 E = Vault monster count
 F = Vault count percentage of total count
                 A         B        C        D         E       F
            +---------+---------+-------+---------+---------+-------
      Total |   60967 |   29633 |  32.7 |     443 |     125 |  22.0
            +---------+---------+-------+---------+---------+-------
        D:1 |      56 |       0 |   0.0 |      27 |       0 |   0.0
        D:2 |     143 |       0 |   0.0 |      19 |       0 |   0.0
        D:3 |     195 |      44 |  18.4 |      21 |       1 |   4.5
        D:4 |     493 |       0 |   0.0 |       9 |       0 |   0.0
        D:5 |     243 |    1118 |  82.1 |       8 |       6 |  42.9
        D:6 |     315 |     104 |  24.8 |      10 |      12 |  54.5
        D:7 |    1597 |     299 |  15.8 |      39 |       7 |  15.2
        D:8 |    2175 |       0 |   0.0 |      34 |       0 |   0.0
        D:9 |    1525 |       0 |   0.0 |      29 |       0 |   0.0
       D:10 |    2830 |       0 |   0.0 |      38 |       0 |   0.0
       D:11 |    4692 |    2092 |  30.8 |      38 |      26 |  40.6
       D:12 |    6157 |       0 |   0.0 |      31 |       0 |   0.0
       D:13 |    3411 |       0 |   0.0 |      16 |       0 |   0.0
       D:14 |    2933 |       0 |   0.0 |       9 |       0 |   0.0
     Lair:1 |    4190 |       0 |   0.0 |      15 |       0 |   0.0
     Lair:2 |    1394 |    1606 |  53.5 |       7 |       3 |  30.0
     Lair:3 |    1029 |       0 |   0.0 |       5 |       0 |   0.0
     Lair:4 |    4143 |    5279 |  56.0 |      15 |      17 |  53.1
     Lair:5 |   11144 |     460 |   4.0 |      31 |       1 |   3.1
     Lair:6 |   12302 |   12996 |  51.4 |      42 |      24 |  36.4
    Ossuary |       0 |     153 | 100.0 |       0 |      16 | 100.0
   Gauntlet |       0 |    5482 | 100.0 |       0 |      12 | 100.0
            +---------+---------+-------+---------+---------+-------
